 Dungeon Crawl Stone Soup version 0.20-a0-959-gdc9e609 (webtiles) character file.

109 Wendigo the Sneak (level 4, 0/29 HPs)
             Began as an Octopode Assassin on Apr 6, 2017.
             Was an Initiate of Okawaru.
             Slain by an adder (2 damage)
             ... on level 3 of the Dungeon.
             The game lasted 00:06:05 (2339 turns).

Wendigo the Sneak (Octopode Assassin)               Turns: 2339, Time: 00:06:05

Health: 0/29       AC:  1    Str: 10    XL:     4   Next: 90%
Magic:  4/4        EV: 17    Int: 13    God:    Okawaru [......]
Gold:   175        SH:  4    Dex: 19    Spells: 3/3 levels left

rFire    . . .     SeeInvis .   b - +0 blowgun
rCold    . . .     Gourm    .   s - +0 buckler (curse)
rNeg     . . .     Faith    .   (helmet restricted)
rPois    .         Spirit   .   (no amulet)
rElec    .         Reflect  .   (no ring)
rCorr    .         Harm     .   (no ring)
MR       .....                  (no ring)
Stlth    +++++.....             (no ring)
Regen    0.1/turn               (no ring)
MPRegen  0.1/turn               (no ring)
                                (no ring)
                                (no ring)

@: agile, lethally poisoned (0 -> -4)
A: almost no armour, stealthy swim, amphibious, 8 rings, constrict 8, camouflage
1, gelatinous body 1
a: Renounce Religion


You were on level 3 of the Dungeon.
You worshipped Okawaru.
Okawaru was noncommittal.
You were not hungry.

You visited 1 branch of the dungeon, and saw 3 of its levels.

You collected 175 gold pieces.

Inventory:

Hand Weapons
 a - a +2 dagger
 b - a +0 blowgun (weapon)
 C - a +3 falchion
Armour
 k - a +0 shield
 s - a cursed +0 buckler (worn)
Jewellery
 x - an uncursed ring of wizardry {unknown}
Scrolls
 g - a scroll of noise {unknown}
 i - 2 scrolls of random uselessness {unknown}
 n - a scroll of magic mapping {unknown}
 q - 2 scrolls of remove curse {unknown}
 r - 2 scrolls of teleportation {unknown}
 t - a scroll of fog {unknown}
 y - a scroll of amnesia {unknown}
 B - a scroll of identify {unknown}
Potions
 e - a potion of mutation {unknown}
 h - a potion of ambrosia {unknown}
 m - a potion of flight {unknown}
 o - a potion of agility
 p - 2 potions of curing {unknown}
 u - a potion of degeneration {unknown}
 w - 2 potions of invisibility {unknown}
 z - a potion of haste {unknown}
 A - a potion of lignification {unknown}
Comestibles
 f - a bread ration
 j - 2 meat rations
 l - a royal jelly
 v - a chunk of flesh


   Skills:
 - Level 2.0 Fighting
 - Level 2.0 Short Blades
 + Level 4.9 Throwing
 - Level 1.0 Dodging
 - Level 5.3 Stealth


You had 3 spell levels left.
You didn't know any spells.

Dungeon Overview and Level Annotations

Branches:
Dungeon (3/15)

Altars:
Fedhas
Gozag
Hepliaklqana
Okawaru
Sif Muna


Innate Abilities, Weirdness & Mutations

You cannot wear most types of armour.
You are very stealthy in the water. (Stealth+)
You are amphibious.
You can wear up to eight rings at the same time.
You can use your tentacles to constrict eight enemies at once.
Your skin changes colour to match your surroundings (Stealth+).
Your rubbery body absorbs attacks. (AC +1, EV +1)


Message History

You see here a curare-tipped needle.
d - a curare-tipped needle The adder bites you.
* * * LOW HITPOINT WARNING * * *
Firing (i - inventory):
d - a curare-tipped needle (quivered)
Press: ? - help, Shift-Dir - straight line, f/p - adder
Aim: an adder You shoot a curare-tipped needle.
The curare-tipped needle hits the adder.
The adder is poisoned.
The adder convulses.
The adder seems to slow down.
The adder is heavily wounded.
The adder bites you.
* * * LOW HITPOINT WARNING * * *
You are lethally poisoned!
The adder poisons you!
It was a potion of agility.
You feel agile all of a sudden.
* * * LOW HITPOINT WARNING * * *
You feel sick. The adder bites you.
You die...

#..#..........#
#..#(.........#
#..#..........#
#......########
####.#S#########
#>.............##
#................
#######.#######.##
#@S.)..(# #..#
#.####### ##.#
#......# #.#
#)..##.# #..
#...##.# ##.
#(.....# #.
#...#### ## #..รท#
# #...# #


You could see an adder.

Vanquished Creatures
  4 gnolls (D:3)
  2 adders
  An ooze (D:2)
  A worm (D:2)
  A dart slug (D:1)
  4 bats
  2 giant cockroaches (D:2)
  5 goblins
  6 hobgoblins
  3 jackals (D:1)
  A quokka (D:2)
  2 frilled lizards
  8 kobolds
  4 rats
44 creatures vanquished.

Notes
Turn   | Place    | Note
-------+----------+-------------------------------------------
     0 | D:1      | Wendigo the Octopode Assassin began the quest for the Orb.
     0 | D:1      | Reached XP level 1. HP: 14/14 MP: 1/1
   131 | D:1      | Reached XP level 2. HP: 11/19 MP: 2/2
   990 | D:1      | Reached XP level 3. HP: 17/24 MP: 3/3
  1211 | D:2      | Found a blossoming altar of Fedhas.
  1230 | D:2      | Found an opulent altar of Gozag.
  1232 | D:2      | Found a hazy altar of Hepliaklqana.
  1621 | D:2      | Found a deep blue altar of Sif Muna.
  1840 | D:2      | Reached XP level 4. HP: 19/29 MP: 4/4
  2199 | D:3      | Found an iron altar of Okawaru.
  2205 | D:3      | Became a worshipper of Warmaster Okawaru
  2339 | D:3      | Slain by an adder

Vault maps used:
D:1:      dpeg_arrival_three_smaller_balls
D:2:      led_sif_pool, grunt_temple_overflow_open
D:3:      first_bread, okawaru_ov_weapons_minmay

Skill      XL: |  1  2  3 |
---------------+----------+-----
Throwing       | 3 4 |  4.9
Fighting       | |  2.0
Short Blades   | |  2.0
Dodging        | |  1.0
Stealth        | |  5.3

Action                   |  1- 3 |  4- 6 || total
-------------------------+-------+-------++-------
Melee: Dagger            |    83 |     8 ||    91
       Tentacles         |    16 |     4 ||    20
       Constrict         |    22 |     4 ||    26
       Falchion          |       |     4 ||     4
 Fire: Blowgun           |    14 |    21 ||    35
  Use: Potion            |       |     1 ||     1
 Stab: Sleeping          |     5 |       ||     5
  Eat: Chunk             |     3 |     1 ||     4
Armor: Skin              |     8 |     2 ||    10
Dodge: Dodged            |    36 |    12 ||    48
Block: Shield            |     7 |       ||     7
       Buckler           |     4 |       ||     4
